 Dungeon Crawl Stone Soup version 0.20.0-15-g7f486f2 (webtiles) character file.

3126 Glitchraptor the Thaumaturge (level 9, 0/47 HPs)
             Began as a Deep Elf Summoner on June 16, 2017.
             Was a Believer of Sif Muna.
             Slain by an orc warrior
             ... wielding a +2 battleaxe of chopping
              (6 damage)
             ... on level 9 of the Dungeon.
             The game lasted 00:50:09 (11764 turns).

Glitchraptor the Thaumaturge (Deep Elf Summoner)   Turns: 11764, Time: 00:50:10

Health: 0/47       AC: 18    Str:  5      XL:     9   Next: 61%
Magic:  10/25      EV: 15    Int: 23 (24) God:    Sif Muna [**....]
Gold:   542        SH:  0    Dex: 15      Spells: 11/28 levels left

rFire    . . .     SeeInvis .   m - +2 quarterstaff (chaos)
rCold    . . .     Gourm    .   (shield currently unavailable)
rNeg     . . .     Faith    .   a - +1 robe
rPois    .         Spirit   .   (helmet restricted)
rElec    .         Reflect  .   o - +1 cloak
rCorr    .         Harm     .   F - +0 pair of gloves
MR       .....                  e - +1 pair of boots
Stlth    +++.......             (no amulet)
Regen    0.2/turn               d - +5 ring of protection
MPRegen  0.2/turn               k - +3 ring of protection

@: no status effects
A: beak, iridescent scales 1, deterioration 1
a: Divine Energy, Renounce Religion


You were on level 9 of the Dungeon.
You worshipped Sif Muna.
Sif Muna was pleased with you.
You were not hungry.

You visited 2 branches of the dungeon, and saw 11 of its levels.

You collected 552 gold pieces.
You spent 10 gold pieces at shops.

Inventory:

Hand Weapons
 m - a +2 quarterstaff of chaos (weapon)
Armour
 a - a +1 robe (worn)
 e - a +1 pair of boots (worn)
 o - a +1 cloak (worn)
 F - a +0 pair of gloves (worn)
Magical Staves
 E - an uncursed staff of death
Jewellery
 d - a +5 ring of protection (left hand)
 h - an uncursed ring of protection from fire {unknown}
 k - a +3 ring of protection (right hand)
 n - an uncursed ring of positive energy {unknown}
 u - a cursed ring of fire {unknown}
 w - an uncursed ring of magical power {unknown}
 x - an uncursed ring of wizardry {unknown}
 D - an uncursed ring of flight {unknown}
Wands
 y - a wand of iceblast (8/15)
 z - a wand of digging (11/24)
 C - a wand of lightning (6/15)
Scrolls
 f - 2 scrolls of amnesia
 i - 4 scrolls of remove curse
 q - 3 scrolls of recharging
 v - a scroll of blinking
 G - a scroll of fog
 I - a scroll of teleportation
Potions
 l - a potion of cancellation
 p - a potion of resistance
 r - a potion of agility
 t - 2 potions of heal wounds
 A - 2 potions of haste
 B - a potion of flight {unknown}
 J - a potion of brilliance {unknown}
Books
 b - a book of Callings

   Spells                             Type                      Level
   a - Summon Small Mammal            Summoning                    1
   b - Call Imp                       Summoning                    2
   c - Call Canine Familiar           Summoning                    3
   d - Summon Guardian Golem          Hexes/Summoning              3
   e - Summon Lightning Spire         Summoning/Air                4
   f - Summon Ice Beast               Ice/Summoning                4
 j - a book of Cantrips

   Spells                             Type                      Level
   a - Confusing Touch                Hexes                        1
   b - Animate Skeleton               Necromancy                   1
   c - Summon Small Mammal            Summoning                    1
   d - Apportation                    Translocation                1
 s - a book of Frost

   Spells                             Type                      Level
   a - Freeze                         Ice                          1
   b - Throw Frost                    Conjuration/Ice              2
   c - Ozocubu's Armour               Charms/Ice                   3
   d - Throw Icicle                   Conjuration/Ice              4
   e - Summon Ice Beast               Ice/Summoning                4
 H - a book of Conjurations

   Spells                             Type                      Level
   a - Magic Dart                     Conjuration                  1
   b - Searing Ray                    Conjuration                  2
   c - Dazzling Spray                 Conjuration/Hexes            3
   d - Fulminant Prism                Conjuration/Hexes            4
   e - Force Lance                    Conjuration/Translocation    4
   f - Iskenderun's Mystic Blast      Conjuration                  4
Comestibles
 c - 3 bread rations
 g - 8 fruits


   Skills:
 + Level 1.2 Fighting
   Level 0.6 Short Blades
 + Level 4.7 Staves
 + Level 4.7 Dodging
 + Level 5.1 Stealth
 + Level 10.3 Spellcasting
 + Level 2.0 Hexes
 + Level 9.6 Summonings
 + Level 1.9 Ice Magic
 + Level 1.1 Air Magic


You had 11 spell levels left.
You knew the following spells:

 Your Spells              Type           Power        Failure   Level  Hunger
a - Summon Small Mammal   Summ           ####         1%          1    None
b - Call Imp              Summ           ######..     1%          2    None
c - Call Canine Familiar  Summ           ######..     1%          3    None
d - Summon Guardian Gole  Hex/Summ       #####...     1%          3    None
e - Summon Lightning Spi  Summ/Air       #####...     6%          4    #......
f - Summon Ice Beast      Ice/Summ       #####...     4%          4    #......


Dungeon Overview and Level Annotations

Branches:
Dungeon (10/15)            Temple (1/1) D:4             Orc (0/2) D:10
   Lair: D:8-11

Altars:
Ashenzari
Cheibriados
Dithmenos
Elyvilon
Fedhas
Gozag
Hepliaklqana
Kikubaaqudgha
Makhleb
Nemelex Xobeh
Okawaru
Qazlal
Ru
Sif Muna
Trog
Uskayaw
Vehumet
Xom
Yredelemnul
Zin
The Shining One

Shops:
D:4 !   D:6 (


Innate Abilities, Weirdness & Mutations

You have a beak for a mouth.
You are partially covered in iridescent scales. (AC +2)
Your body sometimes deteriorates upon taking damage.


Message History

Your warg's corpse disappears in a puff of smoke!
The orc warrior hits your ice beast with a battleaxe of chopping!
The orc hits your ice beast.
Your ice beast hits the orc but does no damage.
The orc closely misses your ice beast.
Your ice beast hits the orc.
Your ice beast freezes the orc!
The orc dies!
Sif Muna accepts your kill. The orc warrior completely misses you.
You hit the orc warrior but do no damage.
Your peck misses the orc warrior.
The orc warrior is heavily wounded.
The orc warrior hits you with a battleaxe of chopping!!
* * * LOW HITPOINT WARNING * * *
x2 Your body deteriorates!
You feel dopey.
The orc warrior hits your ice beast with a battleaxe of chopping!
Your ice beast dies!
Your crimson imp blinks!
The orc warrior hits you with a battleaxe of chopping.
You die...

.....§.............#
.........#....##)#.#
.....§§....o####.#.######
#######.....###..#.§..5.#
###.#......##.####.#
######....<..........##.#
....##.#######..##.####.#
###.##.......5..(o....#.#
...o............@.>)[.[.#
###.###.........##.######
#.# #.........##.# ...
#.........##.# ####.
##.########### . #.#
..##.####### #>.[......
#..#.....(...


You could see an orc warrior, an orc (wandering) and a friendly crimson imp.

Vanquished Creatures
  An orc warrior (D:9)
  A phantom (D:8)
  A centaur (D:7)
  3 bullfrogs
  A wyvern skeleton (D:6)
  3 howler monkeys
  A crimson imp (D:4)
  2 hounds
  2 jellies
  2 bullfrog skeletons
  An orc wizard (D:10)
  A worker ant (D:10)
  3 hound skeletons
  5 adders
  A shadow imp (D:4)
  An adder zombie (D:9)
  An adder skeleton (D:5)
  A worm (D:6)
  A leopard gecko (D:5)
  9 orcs
  A giant cockroach (D:7)
  4 hobgoblins
  5 jackals
  2 quokkas
  2 bats
  2 frilled lizards
  A jackal skeleton (D:5)
  A jackal zombie (D:5)
  4 kobolds
  A rat (D:1)
64 creatures vanquished.

Vanquished Creatures (collateral kills)
  An oklob plant (D:6)
  Grinder (D:3)
  Sigmund (D:3)
  6 orc warriors
  3 phantoms
  3 sky beasts
  An ice beast (D:5)
  2 centaurs
  3 ogres
  A big kobold (D:9)
  2 bullfrogs
  8 wights
  A crimson imp (D:9)
  A centaur zombie (D:6)
  A quasit (D:5)
  3 hounds
  Crazy Yiuf (D:3)
  10 orc priests
  A jelly (D:5)
  7 orc wizards
  Jessica (D:2)
  A worker ant (D:8)
  A worker ant zombie (D:5)
  3 gnolls (D:2)
  8 adders
  2 shadow imps
  An ooze (D:2)
  A worm (D:4)
  3 dart slugs
  4 leopard geckos
  46 orcs
  A ball python (D:1)
  3 giant cockroaches
  9 goblins
  5 hobgoblins
  11 jackals
  3 quokkas
  6 bats
  2 frilled lizards
  12 kobolds
  A quokka skeleton (D:4)
  13 rats
  3 plants (D:6)
197 creatures vanquished.

Vanquished Creatures (others)
  The ghost of SirYmp the Cudgeler, an amateur MiBe of Trog (D:4)
  A hornet zombie (D:8)
  A phantom (D:8)
  An adder (D:4)
  A quokka zombie (D:8)
5 creatures vanquished.

Grand Total: 266 creatures vanquished

Notes
Turn   | Place    | Note
-------+----------+-------------------------------------------
     0 | D:1      | Glitchraptor the Deep Elf Summoner began the quest for the Orb.
     0 | D:1      | Reached XP level 1. HP: 10/10 MP: 6/6
   510 | D:1      | Reached XP level 2. HP: 15/15 MP: 5/8
   520 | D:1      | Learned a level 2 spell: Call Imp
   928 | D:1      | Reached skill level 5 in Summonings
  1114 | D:2      | Reached XP level 3. HP: 8/19 MP: 1/10
  1296 | D:2      | Learned a level 3 spell: Call Canine Familiar
  1300 | D:2      | Learned a level 3 spell: Summon Guardian Golem
  1477 | D:2      | Gained mutation: You have a beak for a mouth. [potion of mutation]
  1477 | D:2      | Gained mutation: You are weak. (Str -2) [potion of mutation]
  1477 | D:2      | Gained mutation: You have large cloven feet. [potion of mutation]
  1478 | D:2      | Lost mutation: You are weak. (Str -2) [potion of mutation]
  1478 | D:2      | Lost mutation: You have large cloven feet. [potion of mutation]
  1478 | D:2      | Gained mutation: Your body sometimes deteriorates upon taking damage. [potion of mutation]
  1478 | D:2      | Gained mutation: You are partially covered in iridescent scales. (AC +2) [potion of mutation]
  1544 | D:2      | Noticed Jessica
  1561 | D:2      | Killed Jessica
  1561 | D:2      | Reached skill level 4 in Spellcasting
  1746 | D:2      | Reached XP level 4. HP: 24/24 MP: 12/12
  2555 | D:3      | Noticed Grinder
  2664 | D:3      | Killed Grinder
  2664 | D:3      | Reached skill level 5 in Spellcasting
  2664 | D:3      | Reached skill level 1 in Hexes
  2664 | D:3      | Reached XP level 5. HP: 10/28 MP: 2/14
  2868 | D:3      | Learned a level 4 spell: Summon Lightning Spire
  2900 | D:3      | Found a runed door.
  2904 | D:3      | Noticed Crazy Yiuf
  2911 | D:3      | Killed Crazy Yiuf
  3087 | D:3      | Noticed Sigmund
  3104 | D:3      | Killed Sigmund
  3104 | D:3      | Reached skill level 6 in Spellcasting
  3104 | D:3      | Reached XP level 6. HP: 22/32 MP: 3/17
  3557 | D:4      | Found Guify's Distillery.
  3612 | D:4      | Learned a level 4 spell: Summon Ice Beast
  3612 | D:4      | Bought a potion of degeneration for 10 gold pieces
  4003 | D:4      | Found a staircase to the Ecumenical Temple.
  4011 | Temple   | Entered the Ecumenical Temple
  4051 | Temple   | Became a worshipper of Sif Muna the Loreminder
  4892 | D:4      | Noticed SirYmp's ghost (amateur MiBe)
  4922 | D:4      | Killed SirYmp's ghost
  4922 | D:4      | Reached XP level 7. HP: 36/36 MP: 6/19
  4960 | D:4      | Reached skill level 7 in Spellcasting
  5530 | D:5      | Entered Level 5 of the Dungeon
  5538 | D:5      | Reached skill level 1 in Staves
  6278 | D:5      | Reached * piety under Sif Muna
  6910 | D:6      | Reached XP level 8. HP: 41/41 MP: 12/21
  6925 | D:6      | Reached skill level 8 in Spellcasting
  6930 | D:6      | Found an opulent altar of Gozag.
  6932 | D:6      | Noticed an oklob plant
  7074 | D:6      | Killed an oklob plant
  7362 | D:6      | Found Pedenuss's Weapon Boutique.
  7387 | D:6      | Reached skill level 1 in Air Magic
  8032 | D:6      | Reached ** piety under Sif Muna
  8032 | D:6      | Reached skill level 9 in Spellcasting
  8885 | D:7      | Found a shadowy altar of Dithmenos.
  9146 | D:7      | Reached skill level 1 in Ice Magic
  9347 | D:7      | Reached XP level 9. HP: 33/46 MP: 24/24
 10119 | D:8      | Reached skill level 5 in Stealth
 10146 | D:8      | Found a deep blue altar of Sif Muna.
 10201 | D:8      | Reached skill level 1 in Fighting
 11272 | D:9      | Reached skill level 10 in Spellcasting
 11582 | D:10     | Entered Level 10 of the Dungeon
 11589 | D:10     | Found a staircase to the Orcish Mines.
 11764 | D:9      | Slain by an orc warrior

Skill      XL: |  1  2  3  4  5  6  7  8  9 |
---------------+----------------------------+-----
Summonings     | 5 6 7 8 9 |  9.6
Spellcasting   | 4 5 6 7 9 10 | 10.3
Hexes          | 1 2 |  2.0
Stealth        | 3 4 5 |  5.1
Staves         | 2 3 4 |  4.7
Dodging        | 3 4 |  4.7
Air Magic      | 1 |  1.1
Ice Magic      | 1 |  1.9
Fighting       | 1 |  1.2
Short Blades   | |  0.6

Action                   |  1- 3 |  4- 6 |  7- 9 || total
-------------------------+-------+-------+-------++-------
Melee: Unarmed           |     1 |       |       ||     1
       Dagger            |    16 |    24 |       ||    40
       Peck              |     1 |     6 |    35 ||    42
       Quarterstaff      |       |    26 |   263 ||   289
 Cast: Summon Small Mamm |    31 |     1 |     7 ||    39
       Call Imp          |    18 |    37 |    63 ||   118
       Call Canine Famil |     4 |    14 |    24 ||    42
       Summon Guardian G |       |     3 |    12 ||    15
       Summon Lightning  |       |     1 |     3 ||     4
       Summon Ice Beast  |       |       |    24 ||    24
  Use: Scroll            |     3 |     5 |     8 ||    16
       Potion            |     2 |     1 |     1 ||     4
 Stab: Sleeping          |       |       |    11 ||    11
       Paralysed         |       |       |     3 ||     3
  Eat: Chunk             |     2 |     3 |     3 ||     8
       Royal jelly       |     1 |       |     1 ||     2
       Fruit             |       |     2 |     4 ||     6
       Meat ration       |       |     1 |     1 ||     2
       Bread ration      |       |       |     2 ||     2
Armor: Robe              |    14 |    26 |   151 ||   191
Dodge: Dodged            |    46 |    50 |   210 ||   306
